General information
- name: BNet
- type: Ladder team game (AT/RT)
- host: Battle.net
- saver: MyCreation
map: GnollWood
- players: 4
- length: 25:43
- speed: Fast
- version: 1.23 W3XP
- replay type: Public
» download(180 KB)
Players
team 1 (loser)
MyINETOwnzMe (
teal | 231 APM | 5895 actions | 25:33)
5 Blademaster
2 Wind Walk
3 Critical Strike
3 Shadow Hunter
1 Hex
2 Healing Wave
» actions
| Assign group hotkey | 32 | |
| Build / train | 62 | |
| Enter build submenu | 12 | |
| Enter hero's abilities submenu | 8 | |
| Give item / drop item | 7 | |
| Remove unit from queue | 1 | |
| Right click | 2246 | |
| Select / deselect | 362 | |
| Select group hotkey | 3071 | |
| Use ability | 94 | |
5895 total
» units
| Peon | 6 | |
| Grunt | 6 | |
| Raider | 6 | |
| Spirit Walker | 3 | |
| Demolisher | 3 | |
24 total
» upgrades
| Ensnare | 1 | |
| Berserker Strength | 1 | |
| Spirit Walker Training | 1 | |
| Ranged Weapons | 1 | |
| Burning Oil | 1 | |
5 total
» buildings
| Altar of Storms | 1 | |
| Orc Burrow | 6 | |
| Barracks | 1 | |
| Voodoo Lounge | 1 | |
| Stronghold | 3 | |
| War Mill | 1 | |
| Spirit Lodge | 1 | |
| Beastiary | 1 | |
| Fortress | 2 | |
17 total
» build order
00:07 Altar of Storms
00:19 Orc Burrow
00:35 Barracks
01:32 Orc Burrow
02:00 Voodoo Lounge
02:54 Stronghold
02:54 Stronghold
03:35 Orc Burrow
04:20 War Mill
05:34 Spirit Lodge
05:40 Beastiary
05:45 Orc Burrow
09:10 Orc Burrow
12:17 Orc Burrow
12:20 Fortress
12:20 Fortress
» items
| Dust of Appearance | 1 | |
| Healing Salve | 4 | |
| Scroll of Speed | 1 | |
| Potion of Healing | 2 | |
| Scroll of Town Portal | 3 | |
| Potion of Lesser Invulnerability | 1 | |
| Scroll of Healing | 1 | |
| Scroll of Protection | 1 | |
14 total
R.A.F. (
red | 122 APM | 3139 actions | 25:42)
6 Demon Hunter
3 Mana Burn
3 Evasion
4 Keeper of the Grove
2 Entangling Roots
2 Thorns Aura
» actions
| Assign group hotkey | 37 | |
| Build / train | 97 | |
| Enter build submenu | 21 | |
| Enter hero's abilities submenu | 9 | |
| Give item / drop item | 4 | |
| Right click | 1317 | |
| Select / deselect | 409 | |
| Select group hotkey | 1109 | |
| Use ability | 136 | |
3139 total
» units
| Wisp | 21 | |
| Archer | 6 | |
| Dryad | 13 | |
| Forest Troll Berserker | 1 | |
| Druid of the Claw | 6 | |
| Hippogryph | 5 | |
52 total
» upgrades
| Strength of the Wild | 3 | |
| Abolish Magic | 1 | |
| Reinforced Hides | 3 | |
| Druid of the Claw Training | 2 | |
| Mark of the Claw | 1 | |
10 total
» buildings
| Altar of Elders | 1 | |
| Moon Well | 8 | |
| Ancient of War | 1 | |
| Tree of Ages | 1 | |
| Hunter's Hall | 1 | |
| Ancient of Lore | 2 | |
| Tree of Life | 4 | |
| Ancient of Wonders | 1 | |
| Tree of Eternity | 1 | |
| Ancient of Wind | 2 | |
22 total
» build order
00:07 Altar of Elders
00:18 Moon Well
00:39 Ancient of War
01:33 Moon Well
02:48 Tree of Ages
03:32 Hunter's Hall
03:40 Moon Well
05:12 Ancient of Lore
05:28 Ancient of Lore
06:36 Moon Well
06:51 Tree of Life
08:40 Ancient of Wonders
10:59 Moon Well
12:07 Tree of Eternity
13:37 Moon Well
17:27 Tree of Life
17:37 Tree of Life
20:11 Tree of Life
21:28 Ancient of Wind
21:32 Ancient of Wind
22:50 Moon Well
24:02 Moon Well
» items
| Boots of Speed | 1 | |
| Scroll of Town Portal | 5 | |
| Potion of Lesser Invulnerability | 3 | |
| Staff of Preservation | 1 | |
| Potion of Healing | 2 | |
| Scroll of Healing | 2 | |
| Orb of Venom | 1 | |
15 total
team 2 (winner)
MyCreation (
green | 124 APM | 3180 actions | 25:43)
4 Death Knight
2 Death Coil
2 Unholy Aura
5 Lich
3 Frost Nova
2 Frost Armor
2 Crypt Lord
1 Impale
1 Spiked Carapace
» actions
| Assign group hotkey | 35 | |
| Basic commands | 32 | |
| Build / train | 67 | |
| Enter build submenu | 17 | |
| Enter hero's abilities submenu | 11 | |
| Give item / drop item | 2 | |
| Right click | 890 | |
| Select / deselect | 287 | |
| Select group hotkey | 1755 | |
| Use ability | 84 | |
3180 total
» units
| Acolyte | 2 | |
| Ghoul | 4 | |
| Crypt Fiend | 11 | |
| Obsidian Statue | 3 | |
| Frost Wyrm | 7 | |
27 total
» upgrades
| Creature Attack | 2 | |
| Web | 1 | |
| Burrow | 1 | |
| Creature Carapace | 1 | |
| Destroyer Form | 1 | |
6 total
» buildings
| Graveyard | 1 | |
| Crypt | 1 | |
| Ziggurat | 9 | |
| Altar of Darkness | 1 | |
| Tomb of Relics | 1 | |
| Nerubian Tower | 1 | |
| Halls of the Dead | 2 | |
| Black Citadel | 1 | |
| Slaughterhouse | 1 | |
| Sacrificial Pit | 1 | |
| Boneyard | 1 | |
| Spirit Tower | 6 | |
26 total
» build order
00:10 Graveyard
00:18 Crypt
00:26 Ziggurat
00:48 Altar of Darkness
01:08 Tomb of Relics
01:21 Nerubian Tower
02:24 Ziggurat
04:19 Halls of the Dead
04:19 Halls of the Dead
04:58 Ziggurat
05:55 Ziggurat
07:54 Black Citadel
08:01 Slaughterhouse
09:23 Sacrificial Pit
10:19 Boneyard
11:12 Ziggurat
11:13 Ziggurat
18:37 Ziggurat
18:39 Ziggurat
20:10 Ziggurat
20:14 Spirit Tower
20:14 Spirit Tower
20:17 Spirit Tower
20:22 Spirit Tower
20:23 Spirit Tower
20:55 Spirit Tower
» items
| Rod of Necromancy | 2 | |
| Dust of Appearance | 1 | |
| Potion of Healing | 1 | |
| Scroll of Town Portal | 3 | |
| Orb of Corruption | 1 | |
8 total

»
PATRICK_BATEMAN (
yellow | 136 APM | 3498 actions | 25:42)
5 Demon Hunter
3 Mana Burn
2 Evasion
3 Keeper of the Grove
1 Entangling Roots
2 Force of Nature
» actions
| Assign group hotkey | 154 | |
| Basic commands | 421 | |
| Build / train | 65 | |
| ESC pressed | 5 | |
| Enter build submenu | 17 | |
| Enter hero's abilities submenu | 10 | |
| Give item / drop item | 14 | |
| Right click | 1386 | |
| Select / deselect | 583 | |
| Select group hotkey | 669 | |
| Use ability | 174 | |
3498 total
» units
| Wisp | 12 | |
| Huntress | 3 | |
| Dryad | 4 | |
| Druid of the Claw | 10 | |
29 total
» upgrades
| Ultravision | 1 | |
| Druid of the Claw Training | 2 | |
| Abolish Magic | 1 | |
| Mark of the Claw | 1 | |
| Strength of the Wild | 1 | |
6 total
» buildings
| Altar of Elders | 1 | |
| Moon Well | 5 | |
| Hunter's Hall | 1 | |
| Ancient of War | 1 | |
| Tree of Ages | 3 | |
| Ancient of Lore | 2 | |
| Ancient of Wonders | 2 | |
| Tree of Eternity | 2 | |
| Tree of Life | 4 | |
21 total
» build order
00:03 Altar of Elders
00:17 Moon Well
01:49 Hunter's Hall
01:57 Ancient of War
02:01 Moon Well
03:09 Tree of Ages
03:09 Tree of Ages
04:36 Moon Well
05:35 Ancient of Lore
05:36 Ancient of Lore
06:45 Moon Well
07:01 Ancient of Wonders
07:59 Ancient of Wonders
08:14 Tree of Eternity
08:14 Tree of Eternity
09:25 Moon Well
12:51 Tree of Life
15:26 Tree of Life
16:12 Tree of Life
17:29 Tree of Life
» items
| Boots of Speed | 1 | |
| Dust of Appearance | 1 | |
| Moonstone | 1 | |
| Potion of Healing | 3 | |
| Staff of Preservation | 1 | |
| Scroll of Town Portal | 3 | |
| Potion of Lesser Invulnerability | 2 | |
12 total
Chat log
(11:55 / Allies) PATRICK_BATEMAN: b
(12:13 / Allies) MyCreation: w00d
(13:54 / Allies) PATRICK_BATEMAN: sh
(14:49 / Allies) PATRICK_BATEMAN: dh
(15:30 / Allies) MyCreation: tp was on cl
(15:31 / Allies) MyCreation: fml
(15:37 / Allies) PATRICK_BATEMAN: fuck
(17:12 / Allies) PATRICK_BATEMAN: tp
(18:14 / Allies) PATRICK_BATEMAN: b
(19:38 / Allies) PATRICK_BATEMAN: main
(20:56 / Allies) PATRICK_BATEMAN: tp
(21:25 / Allies) PATRICK_BATEMAN: a coil
(21:27 / Allies) PATRICK_BATEMAN: and it woulda been dead
(21:31 / Allies) MyCreation: cd
(21:35 / Allies) PATRICK_BATEMAN: lag
(22:03 / Allies) MyCreation: scout expos
(22:08 / Allies) PATRICK_BATEMAN: with what
(22:12 / Allies) MyCreation: summon
(22:25 / Allies) MyCreation: need tp
(22:31 / Allies) PATRICK_BATEMAN: hurry up
(22:36 / Allies) PATRICK_BATEMAN: buy it from here
(22:38 / Allies) MyCreation: i cant mine fst
(23:35 / Allies) PATRICK_BATEMAN: kill them with wyrm
(23:43 / Allies) PATRICK_BATEMAN: okay.
(23:46 / Allies) PATRICK_BATEMAN: let's not then
(23:55 / Allies) MyCreation: kill what
(23:58 / Allies) PATRICK_BATEMAN: the wisps...
(24:49 / Allies) PATRICK_BATEMAN: dhdhdhdh
(25:31 / All) MyINETOwnzMe: gg
(25:33 / All) PATRICK_BATEMAN: g